 Dungeon Crawl Stone Soup version 0.17.1-1-g73c8601 (webtiles) character file.

4648 Goblin1989 the Basher (level 10, -2/55 HPs)
             Began as a Vine Stalker Fighter on Jan 7, 2016.
             Was a Believer of the Shining One.
             Slain by a killer bee (9 damage)
             ... on level 7 of the Dungeon on Jan 8, 2016.
             The game lasted 00:25:01 (5601 turns).

Goblin1989 the Basher (Vine Stalker Fighter)        Turns: 5601, Time: 00:25:01

Health: -2/55      AC: 12    Str: 21    XL:     10   Next: 43%
Magic:  0/12       EV:  3    Int:  8    God:    the Shining One [**....]
Gold:   145        SH:  9    Dex: 15    Spells: 0 memorised, 9 levels left

rFire  . . .     SeeInvis .     u - +3 whip (flame)
rCold  . . .     Clarity  .     y - +0 plate armour
rNeg   + . .     SustAt   .     c - +0 shield
rPois  +         Gourm    .     (no helmet)
rElec  .         Spirit   +     J - +0 cloak
rCorr  .         Warding  .     (no gloves)
rMut   .         Stasis   .     (no boots)
MR     +....                    (no amulet)
Stlth  ..........               K - ring of poison resistance
                                H - ring of flight

@: glowing, somewhat resistant to hostile enchantments, extremely unstealthy
A: fangs 3, regeneration 2, magic shield, antimagic bite, no device heal 3, rot
immunity
a: Divine Shield, Renounce Religion, Evoke Flight


You were on level 7 of the Dungeon.
You worshipped the Shining One.
The Shining One was pleased with you.
You were near starving.

You visited 1 branch of the dungeon, and saw 9 of its levels.

You collected 425 gold pieces.
You spent 280 gold pieces at shops.

Inventory:

Hand Weapons
 a - a +0 flail
 u - a +3 whip of flaming (weapon)
Armour
 c - a +0 shield (worn)
 y - a +0 plate armour (worn)
 J - a +0 cloak (worn)
Jewellery
 G - the ring "Qogunk" {+Fly rF+ rC- rN+ MP+9}
   (You found it on level 7 of the Dungeon)

   [ring of flight]

   It protects you from fire.
   It makes you vulnerable to cold.
   It protects you from negative energy.
   It affects your magic capacity (+9).
   It lets you fly.
 H - a ring of flight (left hand)
 K - a ring of poison resistance (right hand)
Wands
 s - a wand of flame (39)
Scrolls
 b - 2 scrolls of amnesia {unknown}
 i - 2 scrolls of random uselessness
 j - 2 scrolls of recharging {unknown}
 k - 2 scrolls of blinking {unknown}
 l - 2 scrolls of noise {unknown}
 n - 2 scrolls of enchant armour {unknown}
 q - 3 scrolls of immolation
 A - 4 scrolls of enchant weapon
 B - 2 scrolls of remove curse
 C - a scroll of vulnerability {unknown}
 E - 2 scrolls of magic mapping {unknown}
Potions
 e - 2 potions of might
 f - 3 potions of heal wounds
 h - 5 potions of brilliance
 o - 2 potions of agility
 p - a potion of cancellation
 r - a potion of resistance
 t - 2 potions of lignification
 v - 2 potions of curing
 w - a potion of haste
 x - 2 potions of degeneration
 D - a potion of magic
 I - a potion of flight {unknown}
Comestibles
 d - 5 bread rations
 m - 8 fruits
 z - 4 meat rations


   Skills:
 * Level 7.0 Fighting
 + Level 11.7 Maces & Flails
 - Level 2.4 Armour
 - Level 2.6 Shields
 + Level 2.5 Invocations


You had 9 spell levels left.
You didn't know any spells.

Dungeon Overview and Level Annotations

Branches:
Dungeon (9/15)             Temple (0/1) D:5
   Lair: D:8-11         Orc: D:9-12

Altars:
Cheibriados
Nemelex Xobeh
Ru
Sif Muna
Trog
Xom
Zin
The Shining One

Shops:
D:8 =

Annotations:
D:7 exclusion: downstairs


Innate Abilities, Weirdness & Mutations

You have razor-sharp teeth.
You heal very quickly.
When hurt, damage is shared between your health and your magic reserves.
Your bite disrupts and absorbs the magic of your enemies.
Potions and wands cannot restore your health.
You are immune to rotting.


Message History

There is a stone staircase leading up, spattered with blood here.
You see here a killer bee corpse.
Unknown command.
You feel sick. You block the killer bee's attack.
You hear an angry buzzing noise.
The killer bee stings you.
* * * LOW HITPOINT WARNING * * *
You are more poisoned.
The killer bee poisons you!
The killer bee stings you but does no damage.
You climb upwards.
Level annotation: exclusion: downstairs
* * * LOW HITPOINT WARNING * * *
You feel sick.
There is a stone staircase leading down here.
Drink which item? (? for menu, Esc to quit)
You feel better.
The killer bee stings you but does no damage.
The killer bee stings you!
You die...

# # ###### #
#########....#### #
#....y..#.......######
#....@..........(.....
#.......#......)####(#
#.......#.......####..
#.................####
#.................#
#.................#
########..........#
#..........#
########..........#


You could see a killer bee (berserk).

Vanquished Creatures
  Pikel (D:4)
  Maurice (D:8)
  The ghost of Gargoyl the Magician, an amateur DECj (D:4)
  A hungry ghost (D:7)
  Menkaure (D:4)
  2 ice beasts
  A black bear (D:8)
  2 phantoms (D:5)
  A necrophage (D:6)
  8 ogres
  3 centaurs
  2 giant frogs (D:7)
  A big kobold (D:8)
  A wyvern zombie (D:6)
  2 scorpions
  9 killer bees (D:8)
  2 water moccasin skeletons
  3 crimson imps
  3 giant frog zombies
  4 jellies
  5 orc wizards
  2 hounds
  A giant frog skeleton (D:5)
  4 orc priests
  A centaur skeleton (D:7)
  2 iguanas
  A quasit (D:6)
  6 worker ants
  10 gnolls
  8 adders
  2 shadow imps
  2 adder skeletons
  6 worms
  2 giant geckos
  13 orcs
  3 ball pythons
  3 bats
  6 giant cockroaches
  9 goblins
  8 hobgoblins
  14 kobolds
  8 giant newts
  2 jackals (D:3)
  6 quokkas
  A quokka zombie (D:7)
  6 rats
  A fungus (D:6)
181 creatures vanquished.

Vanquished Creatures (others)
  A fungus (D:6)
1 creature vanquished.

Grand Total: 182 creatures vanquished

Notes
Turn   | Place    | Note
--------------------------------------------------------------
     0 | D:1      | Goblin1989 the Vine Stalker Fighter began the quest for the Orb.
     0 | D:1      | Reached XP level 1. HP: 11/11 MP: 2/2
   366 | D:1      | You fall through a shaft!
   378 | D:2      | Reached XP level 2. HP: 13/16 MP: 3/3
   482 | D:2      | Reached skill level 3 in Maces & Flails
   508 | D:2      | Reached XP level 3. HP: 5/19 MP: 1/4
   839 | D:2      | Reached XP level 4. HP: 23/23 MP: 5/5
   992 | D:3      | Reached skill level 4 in Maces & Flails
  1305 | D:3      | Reached XP level 5. HP: 21/27 MP: 2/6
  1310 | D:3      | Reached skill level 5 in Maces & Flails
  1378 | D:4      | Noticed Pikel
  1379 | D:4      | Noticed a slave
  1379 | D:4      | Noticed a slave
  1380 | D:4      | Noticed a slave
  1381 | D:4      | Noticed a slave
  1397 | D:4      | Killed Pikel
  1397 | D:4      | Reached skill level 7 in Maces & Flails
  1397 | D:4      | Gained mutation: You heal very quickly. [Vine Stalker growth]
  1397 | D:4      | Reached XP level 6. HP: 23/32 MP: 2/7
  1397 | D:4      | Reached XP level 7. HP: 25/35 MP: 2/8
  1474 | D:4      | Noticed an ogre
  1485 | D:4      | Killed an ogre
  1570 | D:4      | Found a glowing golden altar of the Shining One.
  1578 | D:4      | Became a worshipper of the Shining One
  1616 | D:4      | Noticed Menkaure
  1632 | D:4      | Reached skill level 8 in Maces & Flails
  1637 | D:4      | Killed Menkaure
  1637 | D:4      | Gained mutation: You have razor-sharp teeth. [Vine Stalker growth]
  1637 | D:4      | Reached XP level 8. HP: 14/39 MP: 9/9
  1691 | D:4      | Noticed Gargoyl's ghost (amateur DECj)
  1750 | D:4      | Killed Gargoyl's ghost
  1870 | D:4      | Reached skill level 9 in Maces & Flails
  2197 | D:5      | Entered Level 5 of the Dungeon
  2318 | D:5      | Found a shimmering altar of Xom.
  2359 | D:5      | Found a deep blue altar of Sif Muna.
  2693 | D:5      | Found a staircase to the Ecumenical Temple.
  2707 | D:5      | Reached skill level 10 in Maces & Flails
  2737 | D:5      | Reached XP level 9. HP: 26/43 MP: 10/10
  2810 | D:5      | Found a snail-covered altar of Cheibriados.
  2909 | D:5      | Reached * piety under the Shining One
  3066 | D:5      | Found a sacrificial altar of Ru.
  3201 | D:6      | Reached skill level 11 in Maces & Flails
  4425 | D:7      | Reached skill level 5 in Fighting
  4439 | D:7      | Got a scorched brass ring
  4440 | D:7      | Identified the ring "Qogunk" {+Fly rF+ rC- rN+ MP+9} (You found it on level 7 of the Dungeon)
  4497 | D:7      | Found a bloodstained altar of Trog.
  4507 | D:7      | Reached ** piety under the Shining One
  4526 | D:7      | Found a sparkling altar of Nemelex Xobeh.
  4536 | D:7      | Reached XP level 10. HP: 51/53 MP: 11/11
  5069 | D:8      | Reached skill level 1 in Invocations
  5120 | D:8      | Noticed Maurice
  5139 | D:8      | Killed Maurice
  5178 | D:8      | Found a glowing silver altar of Zin.
  5178 | D:8      | Noticed an angel
  5465 | D:8      | Found Nacaip's Jewellery Boutique.
  5481 | D:8      | Bought an uncursed ring of poison resistance for 280 gold pieces
  5601 | D:7      | Slain by a killer bee

Action                   |  1- 3 |  4- 6 |  7- 9 | 10-12 || total
-------------------------+-------+-------+-------+-------++-------
Melee: Flail             |    83 |    97 |       |       ||   180
       Whip              |       |       |   336 |   156 ||   492
  Use: Scroll            |       |       |       |    13 ||    13
       Potion            |       |       |       |     1 ||     1
  Eat: Chunk             |       |     2 |     7 |     2 ||    11
       Bread ration      |       |       |     1 |       ||     1
       Royal jelly       |       |       |     1 |       ||     1
